 Dungeon Crawl Stone Soup version 0.30-a0-1043-g60ff8d5f49 (webtiles) character file.

Game seed: 13024621430504513750

121 scionoferis the Trooper (level 5, 0/28 HPs)
             Began as a Vine Stalker Fighter on Apr 10, 2023.
             Succumbed to a water moccasin's poison
             ... in a sewer.
             The game lasted 00:05:58 (2597 turns).

scionoferis the Trooper (Vine Stalker Fighter)      Turns: 2597, Time: 00:05:58

Health: 0/28       AC:  7    Str: 19    XL:     5   Next: 5%
Magic:  6/6        EV:  9    Int:  8    God:
Gold:   213        SH: 10    Dex: 15    Spells: 4/4 levels left

rFire   + . .      SeeInvis .    a - +0 rapier
rCold   + . .      Faith    .    c - +0 buckler
rNeg    . . .      Spirit   +    b - +0 scale mail
rPois   .          Reflect  +    i - +0 helmet
rElec   .          Rampage  .    q - scarf {rC+ rF+}
rCorr   .                        (no gloves)
Will    .....                    (no boots) Stlth
                                 j - amulet of reflection
HPRegen 1.04/turn                (no ring)
MPRegen 0.10/turn                (no ring)

@: lethally poisoned (0 -> -2)
A: fangs 2, regeneration 1, magic shield, antimagic bite, no potion heal 2
a: no special abilities


You were in a sewer.
You visited 1 branch of the dungeon, and saw 4 of its levels.
You also visited: Sewer.

You collected 213 gold pieces.


Innate Abilities, Weirdness & Mutations

You have extremely sharp teeth.
Your natural rate of healing is unusually fast.
When hurt, damage is shared between your health and your magic reserves.
Your bite disrupts and absorbs the magic of your enemies.
Potions cannot restore your health.


   Skills:
 + Level 3.6 Fighting
 - Level 1.8(2.8) Short Blades
 * Level 3.2(3.5) Long Blades
 - Level 2.4 Armour
 - Level 2.7 Shields


You had 4 spell levels left.
You didn't know any spells.
Your spell library contained the following spells:

 Spells                   Type           Power      Damage    Failure   Level
 Ozocubu's Armour         Ice            0%         N/A       99%         3
 Metabolic Englaciation   Hex/Ice        0%         N/A       100%        5
 Simulacrum               Ice/Necr       0%         N/A       100%        6

Inventory:

Hand Weapons
 a - a +0 rapier (weapon)
Armour
 b - a +0 scale mail (worn)
 c - a +0 buckler (worn)
 i - a +0 helmet (worn)
   (You found it on level 1 of the Dungeon)
 q - a scarf of resistance (worn)
   (You found it on level 2 of the Dungeon)
Jewellery
 j - an amulet of reflection (around neck)
   (You found it on level 1 of the Dungeon)
Wands
 u - a wand of paralysis (4)
   (You found it on level 4 of the Dungeon)
Scrolls
 f - a scroll of amnesia {unknown}
 h - 2 scrolls of identify {unknown}
 k - a scroll of fear {unknown}
 l - a scroll of noise {unknown}
 m - a scroll of acquirement {unknown}
 o - 2 scrolls of magic mapping {unknown}
 p - a scroll of teleportation {unknown}
 r - a scroll of enchant weapon {unknown}
 t - a scroll of poison {unknown}
Potions
 d - a potion of might
 e - 3 potions of heal wounds {unknown}
 g - 2 potions of curing {unknown}
 n - 2 potions of lignification {unknown}
 s - a potion of degeneration {unknown}

Dungeon Overview and Level Annotations

Branches:
Dungeon (4/15)              Sewer (1/1)
 Temple: D:4-7

Altars:

Shops:
D:2

= ### #~# ######~#
######## #...##~##
###......###
#.∩.#.~.#
###.@†~.~....###
#.∩...~.#
###..~~.####....~#
#.....~.###.....###
###~.~~~#
######~~.~....~##
#......
#.....~.###....~#
~...## #.....~.#
###.~~..# .##~)
#.....~.# ###..~..
## ) #....#~##
##.~.. #...##~ ####


There were no monsters in sight!


Message History

The bat hits you but does no damage. The bat barely misses you.
You closely miss the bat.
The bat is moderately wounded.
The bat hits you but does no damage.
Found 12 gold pieces.
The bat barely misses you. The bat hits you but does no damage.
You barely miss the bat. The bat closely misses you.
The bat closely misses you.
You closely miss the bat. The bat closely misses you.
The bat closely misses you. The bat closely misses you.
You barely miss the bat. Your bite misses the bat. The bat closely misses you.
You block the bat's attack. The bat hits you but does no damage.
You hit the bat.
You kill the bat!
No target in view!
You now have 12 gold pieces.
You see here a bat corpse.
You now have 15 gold pieces (gained 3).
You now have 27 gold pieces (gained 12).
g - a grey potion
There is a stone staircase leading down here.
You see here a hobgoblin corpse.
Found an escape hatch in the floor.
Found a helmet.
h - a scroll labelled JAEMEYKHL PUDD An endoplasm comes into view.
The endoplasm quivers.
There is an escape hatch in the floor here.
You see here a +0 helmet.
i - a +0 helmet You hit the endoplasm.
You kill the endoplasm!
Your Long Blades skill increases to level 1!
You have reached level 2!
You start putting on your armour.
You continue putting on your +0 helmet. x4
You finish putting on your +0 helmet.
You now have 34 gold pieces (gained 7).
A rat comes into view.
The rat barely misses you.
You hit the rat.
The rat is moderately wounded.
You block the rat's attack. The rat barely misses you.
You barely miss the rat. You bite the rat.
You kill the rat!
No target in view!
A bat comes into view.
You miss the bat. The bat hits you but does no damage.
The bat barely misses you.
You barely miss the bat. The bat hits you but does no damage.
You closely miss the bat. The bat hits you but does no damage. x2
You hit the bat.
You kill the bat!
No target in view!
You now have 44 gold pieces (gained 10).
A jackal comes into view.
The jackal barks!
You hear a bark!
A jackal comes into view.
You see here 17 gold pieces.
You closely miss the jackal. You bite the jackal. You drain its power.
The jackal is almost dead.
The jackal barely misses you.
The jackal bites you but does no damage.
You hit the jackal but do no damage. You bite the jackal.
You kill the jackal!
You barely miss the jackal.
The jackal bites you but does no damage. x2
You hit the jackal but do no damage.
The jackal bites you but does no damage.
You miss the jackal. The jackal barely misses you. The jackal bites you.
You closely miss the jackal. Your bite misses the jackal.
The jackal barely misses you.
The jackal bites you but does no damage.
You hit the jackal. Your bite misses the jackal.
The jackal is almost dead.
You block the jackal's attack.
You hit the jackal but do no damage. Your bite misses the jackal.
The jackal is almost dead.
The jackal bites you.
The jackal bites you but does no damage.
You closely miss the jackal. You bite the jackal.
You kill the jackal!
You now have 61 gold pieces (gained 17).
You see here a jackal corpse.
You see here a jackal corpse.
A dart slug comes into view.
The dart slug launches a dart at you. The slug dart misses you.
You hit the dart slug.
The dart slug is lightly wounded.
The dart slug bites you but does no damage.
You hit the dart slug.
The dart slug is severely wounded.
The dart slug bites you but does no damage.
You hit the dart slug.
You kill the dart slug!
No target in view!
j - an amulet of reflection You start putting on your amulet.
You continue putting on your amulet of reflection. x5
You finish putting on your amulet of reflection.
You feel a shielding aura gather around you.
j - an amulet of reflection (around neck)
You now have 70 gold pieces (gained 9).
A ball python comes into view.
The ball python hisses angrily.
Found a scroll labelled YPUMUD OGIGI.
You puncture the ball python!
You kill the ball python!
Your Fighting skill increases to level 3!
No target in view!
A bat comes into view.
The bat hits you but does no damage.
You see here a scroll labelled YPUMUD OGIGI.
You puncture the bat!
You kill the bat!
k - a scroll labelled YPUMUD OGIGI You see here a bat corpse.
You open the door.
A hobgoblin comes into view.
There is an open door here.
You block the hobgoblin's attack.
You hit the hobgoblin but do no damage. The hobgoblin misses you.
You hit the hobgoblin. You bite the hobgoblin. You drain its power.
The hobgoblin is moderately wounded.
You block the hobgoblin's attack.
You closely miss the hobgoblin.
The hobgoblin is moderately wounded.
The hobgoblin hits you but does no damage.
You barely miss the hobgoblin. You bite the hobgoblin.
You kill the hobgoblin!
No target in view!
You open the door.
There is an open door here.
Found a stone staircase leading down.
There is a stone staircase leading down here.
You now have 80 gold pieces (gained 10).
There is a stone staircase leading down here.
There is an open door here.
You open the door. You open the door.
There is an open door here.
You open the door. 2 jackals come into view.
The jackal barks! x2
The jackal closely misses you.
There is an open door here.
You closely miss the jackal. You block the jackal's attack.
The jackal bites you but does no damage.
You block the jackal's attack.
You hit the jackal.
You kill the jackal!
The jackal barely misses you. You block the jackal's attack.
You hit the jackal.
The jackal is heavily wounded.
The jackal barely misses you.
You barely miss the jackal.
The jackal is heavily wounded.
The jackal completely misses you. The jackal closely misses you.
You hit the jackal.
You kill the jackal!
No target in view!
You open the door.
There is an open door here.
A bat comes into view.
The bat moves out of view.
The bat hits you but does no damage.
A bat is nearby!
You miss the bat. You bite the bat.
You kill the bat!
No target in view!
No target in view!
A kobold comes into view. It is wielding a +0 whip.
The kobold shouts!
The kobold throws a stone.
You reflect the stone off an invisible shield around you!
The stone misses the kobold.
The kobold throws a stone.
You reflect the stone off an invisible shield around you!
The stone hits the kobold but does no damage.
The kobold hits you but does no damage.
You hit the kobold.
The kobold is heavily wounded.
You block the kobold's attack.
You hit the kobold.
You kill the kobold!
You have reached level 3!
Your experience leads to an increase in your attributes!
Increase (S)trength, (I)ntelligence, or (D)exterity?
You feel agile. x2
Things that are here:
a +0 whip; a stone
l - a scroll labelled GOVAIVV BAGE
m - a scroll labelled PEAHUICVYT Done exploring.
Unknown command.
There is a stone staircase leading down here.
You climb downwards.
The goblin shouts!
Found a faded altar of an unknown god.
Found an escape hatch in the ceiling.
Found a stone staircase leading up.
There is a stone staircase leading up here.
You completely miss the goblin. You bite the goblin.
You kill the goblin!
A bat comes into view.
Found a stone staircase leading down.
The bat closely misses you.
You closely miss the bat. You block the bat's attack. x2
You hit the bat.
The bat is severely wounded.
You block the bat's attack.
You hit the bat.
The bat is severely wounded.
The bat completely misses you. You block the bat's attack.
A bat is nearby!
You block the bat's attack.
You barely miss the bat. Your bite misses the bat.
The bat is moderately wounded.
The bat barely misses you.
You barely miss the bat.
The bat is moderately wounded.
The bat hits you but does no damage.
You hit the bat.
You kill the bat!
No target in view!
You open the door.
A frilled lizard comes into view.
The frilled lizard hisses angrily.
Found a murky orange potion.
A rat comes into view.
There is an open door here.
You block the frilled lizard's attack.
You hit the frilled lizard.
You kill the frilled lizard!
You hit the rat but do no damage. You bite the rat.
You kill the rat!
No target in view!
You see here a rat corpse.
n - a murky orange potion You now have 85 gold pieces (gained 5).
o - a scroll labelled FEROXT MYUTHRO
p - a scroll labelled YRIVAN IVAEWK
g - 2 grey potions (gained 1)
You now have 91 gold pieces (gained 6).
You now have 103 gold pieces (gained 12).
You now have 114 gold pieces (gained 11).
Found a stone staircase leading down.
No target in view!
You open the door.
An endoplasm comes into view.
The endoplasm quivers.
Found a murky orange potion.
An endoplasm and a rat come into view.
The endoplasm quivers.
There is an open door here.
You hit the rat.
The rat is heavily wounded.
You block the rat's attack.
You hit the rat.
You kill the rat!
The endoplasm freezes you.
You are frozen.
You hit the endoplasm.
The endoplasm is lightly wounded.
The endoplasm hits you.
You hit the endoplasm. You bite the endoplasm. You drain its power.
The endoplasm is severely wounded.
You block the endoplasm's attack.
You hit the endoplasm.
You kill the endoplasm!
The endoplasm freezes you.
You are frozen.
You hit the endoplasm.
The endoplasm is moderately wounded.
The endoplasm freezes you.
You are frozen.
You are too injured to fight recklessly!
You are too injured to fight recklessly!
You are too injured to fight recklessly!
You puncture the endoplasm!
You kill the endoplasm!
A bat comes into view.
You are too injured to fight recklessly!
You are too injured to fight recklessly!
You are too injured to fight recklessly!
You hit the bat.
You kill the bat!
Magic restored.
HP restored.
n - 2 murky orange potions (gained 1)
You open the door.
An endoplasm and a frilled lizard come into view.
The endoplasm quivers.
The frilled lizard hisses angrily.
Found 5 gold pieces.
The frilled lizard bites you but does no damage.
There is an open door here.
You puncture the frilled lizard!
You kill the frilled lizard!
The endoplasm hits you but does no damage.
You hit the endoplasm. You bite the endoplasm.
You kill the endoplasm!
Your Long Blades skill increases to level 2!
No target in view!
You now have 119 gold pieces (gained 5).
A ball python comes into view.
The ball python hisses angrily.
You hit the ball python.
You bite the ball python, but do no damage.
The ball python is moderately wounded.
The ball python bites you but does no damage.
You block the ball python's attack.
You hit the ball python.
You bite the ball python, but do no damage.
The ball python is severely wounded.
The ball python bites you. You block the ball python's attack.
You hit the ball python.
You kill the ball python!
No target in view!
You open the door.
There is an open door here.
Found a stone staircase leading down.
Found 7 stones.
A frilled lizard comes into view.
Found 12 gold pieces.
You miss the frilled lizard. The frilled lizard bites you.
The frilled lizard bites you but does no damage.
You barely miss the frilled lizard. Your bite misses the frilled lizard.
The frilled lizard bites you but does no damage.
You hit the frilled lizard.
You kill the frilled lizard!
No target in view!
You now have 131 gold pieces (gained 12).
You see here 7 stones.
A hobgoblin comes into view.
The hobgoblin shouts!
You hear a bark!
You completely miss the hobgoblin. You block the hobgoblin's attack.
You closely miss the hobgoblin.
You bite the hobgoblin, but do no damage.
The hobgoblin hits you but does no damage.
You hit the hobgoblin.
The hobgoblin is heavily wounded.
A jackal comes into view.
The hobgoblin barely misses you.
The jackal barks!
You hit the hobgoblin.
You kill the hobgoblin!
You hear a bark! x2
A jackal comes into view.
The jackal bites you but does no damage.
The jackal barks!
You hit the jackal but do no damage.
The jackal bites you but does no damage.
The jackal closely misses you. You block the jackal's attack.
You barely miss the jackal.
A jackal comes into view.
You block the jackal's attack. The jackal barely misses you.
You closely miss the jackal. You block the jackal's attack.
The jackal barely misses you. You block the jackal's attack.
The jackal bites you but does no damage.
You closely miss the jackal. The jackal barely misses you.
You block the jackal's attack. x2
A jackal comes into view.
The jackal barks!
You hit the jackal but do no damage. You bite the jackal. You drain its power.
The jackal is moderately wounded.
The jackal bites you but does no damage.
The jackal barely misses you. The jackal closely misses you.
You block the jackal's attack.
The jackal bites you but does no damage.
The jackal bites you. The jackal attacks as you move away!
You block the jackal's attack. The jackal attacks as you move away!
The jackal closely misses you.
The jackal bites you but does no damage.
You hit the jackal.
You kill the jackal!
The jackal bites you but does no damage.
You closely miss the jackal. You bite the jackal. You drain its power.
You feel invigorated.
The jackal is heavily wounded.
You block the jackal's attack. The jackal barely misses you.
You hit the jackal but do no damage.
The jackal is heavily wounded.
The jackal closely misses you.
You barely miss the jackal. You bite the jackal.
You kill the jackal!
You hit the jackal but do no damage. You block the jackal's attack.
The jackal bites you but does no damage.
You hit the jackal but do no damage. The jackal bites you.
You hit the jackal. You bite the jackal. You drain its power.
You feel invigorated.
The jackal is severely wounded.
You block the jackal's attack.
The jackal bites you but does no damage.
You hit the jackal.
The jackal is almost dead.
You block the jackal's attack.
The jackal bites you but does no damage.
You closely miss the jackal.
The jackal is almost dead.
You block the jackal's attack.
You hit the jackal but do no damage. Your bite misses the jackal.
The jackal is almost dead.
The jackal barely misses you. The jackal bites you.
You closely miss the jackal. You bite the jackal.
You kill the jackal!
You hit the jackal.
The jackal is severely wounded.
The jackal barely misses you. The jackal bites you.
You hit the jackal.
You kill the jackal!
No target in view!
You see here a jackal corpse.
You now have 149 gold pieces (gained 18).
You open the door.
There is an open door here.
There is an open door here.
You see here a scarf of resistance.
q - a scarf of resistance You start putting on your armour.
You continue putting on your scarf of resistance. x4
You finish putting on your scarf of resistance.
You feel resistant to extremes of temperature.
You see here a jackal corpse.
You see here a jackal corpse.
Found Norehel's Jewellery Boutique.
Found an escape hatch in the ceiling.
There is an entrance to Norehel's Jewellery Boutique here.
Unknown command.
There is an escape hatch in the ceiling here.
You see here 7 stones.
Found a stone staircase leading up.
There is a stone staircase leading up here.
Done exploring.
Done exploring.
There is a stone staircase leading up here.
There is a stone staircase leading down here.
You climb downwards.
There is a stone staircase leading up here.
You open the door.
There is an open door here.
A frilled lizard comes into view.
The frilled lizard hisses angrily.
You block the frilled lizard's attack.
You hit the frilled lizard.
You kill the frilled lizard!
No target in view!
You see here a frilled lizard corpse.
A goblin comes into view. It is wielding a +0 club.
The goblin shouts!
You hit the goblin.
You kill the goblin!
No target in view!
Things that are here:
a +0 club; a goblin corpse You now have 153 gold pieces (gained 4).
You open the door.
There is an open door here.
Found 8 stones.
A kobold comes into view. It is wielding a +0 club.
An orc comes into view. It is wielding a +0 club.
The orc shouts!
Found 11 gold pieces.
You see here 8 stones.
You hit the kobold.
The kobold is moderately wounded.
The kobold hits you but does no damage.
You hit the kobold.
You kill the kobold!
The orc hits you with a +0 club.
Things that are here:
a +0 club; a kobold corpse You hit the orc.
The orc is moderately wounded.
The orc closely misses you.
You closely miss the orc.
The orc is moderately wounded.
You block the orc's attack.
You puncture the orc!
You kill the orc!
No target in view!
HP restored.
Magic restored.
A bat comes into view.
You see here 11 gold pieces.
You now have 164 gold pieces (gained 11).
You hit the bat.
You kill the bat!
You now have 170 gold pieces (gained 6).
You now have 182 gold pieces (gained 12).
A goblin comes into view. It is wielding a +0 dagger.
The goblin barely misses you.
You closely miss the goblin. Your bite misses the goblin.
The goblin completely misses you. You block the goblin's attack.
You hit the goblin. Your bite misses the goblin.
The goblin is severely wounded.
The goblin barely misses you.
You hit the goblin.
You kill the goblin!
No target in view!
You now have 188 gold pieces (gained 6).
You see here a +0 dagger.
You open the door.
You see here 8 stones.
You open the door.
Found a stone staircase leading down.
Found a whip.
You pick up a book of Winter and begin reading...
You add the spells Ozocubu's Armour, Metabolic Englaciation and Simulacrum to your library.
r - a scroll labelled AGIOSU XIATO You see here a +0 whip.
You open the door.
Found an escape hatch in the ceiling.
There is an open door here.
There is an escape hatch in the ceiling here.
A rat comes into view.
The rat bites you but does no damage.
You barely miss the rat. You bite the rat.
You kill the rat!
No target in view!
Found a stone staircase leading up.
There is a stone staircase leading up here.
You open the door.
Found an escape hatch in the floor.
There is an open door here.
A quokka comes into view.
There is an escape hatch in the floor here.
You hit the quokka. You bite the quokka. You drain its power.
The quokka is heavily wounded.
You block the quokka's attack. x2
You hit the quokka but do no damage.
The quokka is heavily wounded.
The quokka bites you.
You hit the quokka.
The quokka is severely wounded.
You block the quokka's attack.
You hit the quokka.
You kill the quokka!
No target in view!
You see here a quokka corpse.
A rat comes into view.
Found a stone staircase leading down.
The rat closely misses you.
You hit the rat.
The rat is heavily wounded.
The rat bites you but does no damage. You block the rat's attack.
You hit the rat but do no damage. You bite the rat.
You kill the rat!
No target in view!
You see here a rat corpse.
A quokka comes into view.
You see here a pink potion.
s - a pink potion
Found 8 gold pieces.
The quokka bites you but does no damage.
You closely miss the quokka. Your bite misses the quokka.
You block the quokka's attack.
You hit the quokka but do no damage.
The quokka bites you but does no damage.
You hit the quokka.
The quokka is moderately wounded.
The quokka bites you but does no damage.
The quokka bites you.
You hit the quokka.
You kill the quokka!
No target in view!
You see here a quokka corpse.
Found a stone staircase leading up.
You now have 196 gold pieces (gained 8).
You open the door.
There is an open door here.
You open the door.
A kobold comes into view. It is wielding a +0 club.
The kobold shouts!
You hear an angry hiss.
Found a scroll labelled VUX ONAG DASAPH.
A kobold is nearby!
You hit the kobold. You bite the kobold.
You kill the kobold!
A frilled lizard comes into view.
There is an open door here.
You see here a +0 club.
A frilled lizard is nearby!
You barely miss the frilled lizard. Your bite misses the frilled lizard.
The frilled lizard barely misses you.
You miss the frilled lizard. You bite the frilled lizard.
You kill the frilled lizard!
No target in view!
t - a scroll labelled VUX ONAG DASAPH You open the door.
You open the door.
There is an open door here.
There is an escape hatch in the floor, spattered with blood here.
You see here a quokka corpse.
Found a stone staircase leading down.
There is a stone staircase leading down here.
h - 2 scrolls labelled JAEMEYKHL PUDD (gained 1)
You open the door.
A ball python comes into view.
The ball python hisses angrily.
Found a scroll labelled FEROXT MYUTHRO and 6 gold pieces.
The ball python closely misses you. The ball python grabs you.
The ball python constricts you.
There is an open door here.
You hit the ball python.
You kill the ball python!
No target in view!
Found a book of Winter.
o - 2 scrolls labelled FEROXT MYUTHRO (gained 1)
You now have 202 gold pieces (gained 6).
You see here a book of Winter.
You open the door.
There is an open door here.
You open the door.
There is an open door here.
Found a buckler.
You open the door.
There is an open door here.
You see here a +0 buckler.
You now have 213 gold pieces (gained 11).
There is an open door here.
There is an open door here.
You see here a +0 club.
A gnoll comes into view. It is wielding a +0 whip.
The gnoll shouts!
A gnoll comes into view. It is wielding a +0 club.
The gnoll shouts!
You hit the gnoll.
The gnoll is lightly wounded.
You block the gnoll's attack.
You hit the gnoll.
The gnoll is heavily wounded.
You hit the gnoll. You bite the gnoll. You drain its power.
The gnoll is heavily wounded.
You closely miss the gnoll. Your bite misses the gnoll.
The gnoll is heavily wounded.
The gnoll hits you with a +0 club.
You hit the gnoll.
The gnoll is severely wounded.
The gnoll barely misses you.
You hit the gnoll but do no damage.
The gnoll is severely wounded.
The gnoll hits you with a +0 club.
You hit the gnoll but do no damage. Your bite misses the gnoll.
The gnoll is severely wounded.
The gnoll completely misses you.
You barely miss the gnoll. You bite the gnoll. You drain its power.
You feel invigorated.
The gnoll is almost dead.
You block the gnoll's attack. The gnoll barely misses you.
A gnoll comes into view. It is wielding a +0 flail.
The gnoll shouts!
You hit the gnoll but do no damage. You bite the gnoll.
You kill the gnoll!
You have reached level 4!
You feel stronger.
You begin to heal more quickly.
You hit the gnoll but do no damage. You bite the gnoll, but do no damage.
The gnoll is heavily wounded.
The gnoll hits you with a +0 whip.
You hit the gnoll.
The gnoll is almost dead.
The gnoll hits you but does no damage. The gnoll barely misses you.
You hit the gnoll.
You kill the gnoll!
The gnoll hits you with a +0 flail.
You hit the gnoll.
The gnoll is lightly wounded.
The gnoll hits you but does no damage.
You hit the gnoll.
The gnoll is moderately wounded.
You block the gnoll's attack.
You hit the gnoll.
The gnoll is almost dead.
The gnoll hits you but does no damage.
You hit the gnoll.
You kill the gnoll!
You see here a +0 flail.
Things that are here:
a +0 whip; a +0 club; a gnoll corpse Done exploring.
Done exploring.
Things that are here:
a +0 whip; a +0 club; a gnoll corpse You see here a +0 flail.
You see here a +0 club.
There is an open door here.
There is a stone staircase leading down here.
You climb downwards.
You hear the sound of rushing water.
There is an entrance to a sewer on this level.
Hurry and find it before the portal rusts away!
The endoplasm quivers.
The ball python hisses angrily.
The goblin shouts!
You hear an angry hiss.
There is a stone staircase leading up here.
You hit the endoplasm.
You kill the endoplasm!
You hit the ball python but do no damage.
Your bite misses the ball python.
A ball python comes into view.
The ball python misses you. You block the ball python's attack.
The ball python hisses angrily.
You puncture the ball python!
You kill the ball python!
The goblin hits you but does no damage.
You hit the goblin.
The goblin is heavily wounded.
The goblin hits you but does no damage.
You barely miss the goblin. Your bite misses the goblin.
The goblin is heavily wounded.
The goblin misses you.
You closely miss the goblin.
The goblin is heavily wounded.
The goblin hits you with a +0 dagger.
You hit the goblin.
You kill the goblin!
You block the ball python's attack. x2; The ball python closely misses you.
You block the ball python's attack.
You closely miss the ball python. The ball python closely misses you.
The ball python grabs you. The ball python constricts you.
You closely miss the ball python.
A hobgoblin comes into view.
You block the ball python's attack. The ball python constricts you.
The hobgoblin shouts!
You hit the ball python. You bite the ball python.
You kill the ball python!
You hit the hobgoblin. You bite the hobgoblin.
You kill the hobgoblin!
Found 13 gold pieces.
A ball python comes into view.
Found a jewelled iron wand.
You hit the ball python.
You kill the ball python!
You see here a ball python corpse.
u - a wand of paralysis (5)
An orc comes into view.
It is wielding a +0 club. 3 orcs come into view.
The orc shouts! x3
Found a ring mail.
You hear the slow rusting of a distant drain.
You hit the orc.
The orc is heavily wounded.
You block the orc's attack.
You hit the orc.
The orc is heavily wounded.
The orc hits you but does no damage.
You hit the orc.
You kill the orc!
You hit the orc. You bite the orc, but do no damage.
The orc is lightly wounded.
You block the orc's attack.
You hit the orc. You bite the orc. You drain its power.
The orc is severely wounded.
The orc barely misses you.
You hit the orc but do no damage. You bite the orc, but do no damage.
The orc is severely wounded.
You block the orc's attack.
You closely miss the orc.
The orc is severely wounded.
The orc hits you but does no damage.
You hit the orc.
The orc is lightly wounded.
The orc closely misses you.
You barely miss the orc.
The orc is lightly wounded.
The orc hits you but does no damage.
You hit the orc but do no damage. You bite the orc. You drain its power.
The orc is moderately wounded.
You block the orc's attack.
You hit the orc.
You kill the orc!
Your Long Blades skill increases to level 3!
You barely miss the orc.
The orc is severely wounded.
The orc hits you but does no damage.
You barely miss the orc. You bite the orc.
You kill the orc!
You hit the orc but do no damage. You bite the orc. You drain its power.
The orc is lightly wounded.
The orc hits you but does no damage. You block the orc's attack.
You barely miss the orc.
The orc is lightly wounded.
You block the orc's attack.
You hit the orc but do no damage. Your bite misses the orc.
The orc is lightly wounded.
The orc hits you but does no damage.
You hit the orc. Your bite misses the orc.
The orc is almost dead.
You block the orc's attack.
You hit the orc but do no damage. Your bite misses the orc.
The orc is almost dead.
The orc closely misses you.
You hit the orc.
You kill the orc!
Unknown command.
Items here: )))) [[[ †††.
Unknown command.
A ball python comes into view.
Found a stone staircase leading down.
The ball python hisses angrily.
The ball python moves out of view.
You barely miss the ball python. Your bite misses the ball python.
The ball python closely misses you. The ball python grabs you.
The ball python constricts you.
You hit the ball python.
The ball python is severely wounded.
The ball python barely misses you. The ball python constricts you.
You block the ball python's attack. The ball python constricts you.
You hit the ball python.
You kill the ball python!
A quokka comes into view.
You miss the quokka. The quokka bites you.
The quokka bites you but does no damage.
You hit the quokka.
The quokka is almost dead.
The quokka bites you.
You hit the quokka.
You kill the quokka!
You hear the slow rusting of a very distant drain.
Found 25 gold pieces.
Found a short sword and 4 gold pieces.
A hobgoblin comes into view.
The hobgoblin shouts!
You hit the hobgoblin but do no damage. Your bite misses the hobgoblin.
The hobgoblin completely misses you.
You hit the hobgoblin. You bite the hobgoblin. You drain its power.
The hobgoblin is almost dead.
The hobgoblin hits you.
You hit the hobgoblin.
You kill the hobgoblin!
A dart slug comes into view.
An orc comes into view. It is wielding a +0 hand axe.
Found a scroll labelled OKIVEA ZIOHY.
You hit the dart slug.
The dart slug is heavily wounded.
The dart slug launches a dart at you. The slug dart hits you.
You hit the dart slug. You bite the dart slug.
You kill the dart slug!
You see here a dart slug corpse.
You barely miss the orc. You bite the orc! You drain its power.
You feel invigorated.
The orc is almost dead.
You block the orc's attack.
You hit the orc.
You kill the orc!
Found a robe.
You open the door. 2 worms and 2 quokkas come into view.
The quokka moves out of view.
There is an open door here.
Unknown command.
You hear the slow rusting of a drain very nearby.
You hit the worm but do no damage. Your bite misses the worm. You hit the worm.
You bite the worm. You drain its power.
The worm is heavily wounded.
You block the worm's attack.
You hit the worm. You bite the worm, but do no damage.
The worm is severely wounded.
You hit the worm.
You kill the worm!
You hit the worm but do no damage. You bite the worm, but do no damage.
You hit the worm. Your bite misses the worm.
The worm is lightly wounded.
You block the worm's attack.
You hit the worm but do no damage. You bite the worm, but do no damage.
The worm is lightly wounded.
You hit the worm.
The worm is lightly wounded.
You block the worm's attack.
You puncture the worm!
The worm is heavily wounded.
You block the worm's attack.
You barely miss the worm. Your bite misses the worm.
The worm is heavily wounded.
The worm misses you.
You hit the worm.
The worm is severely wounded.
You hit the worm. You bite the worm, but do no damage.
The worm is almost dead.
You block the worm's attack.
You barely miss the worm. Your bite misses the worm.
The worm is almost dead.
You hit the worm.
You kill the worm!
You have reached level 5!
You closely miss the quokka.
The quokka splashes around in the water.
You barely miss the quokka.
The quokka bites you but does no damage.
The quokka bites you.
You closely miss the quokka. You bite the quokka, but do no damage.
The quokka splashes around in the water.
You hit the quokka but do no damage. Your bite misses the quokka.
The quokka bites you but does no damage. x2
You closely miss the quokka. The quokka closely misses you.
You hit the quokka. You bite the quokka.
You kill the quokka!
You hit the quokka. Your bite misses the quokka.
The quokka is severely wounded.
The quokka bites you.
You hit the quokka.
You kill the quokka!
You swing at nothing.
You enter the shallow water.
Moving in this stuff is going to be slow.
You see here a worm corpse.
You open the large door.
Found a glowing drain.
There is a large open door here.
There is a glowing drain here.
The world spins around you as you enter the gateway.
You enter a sewer!
Found a gate leading back out of this place.
There is an empty arch of ancient stone here.
You enter the shallow water.
Moving in this stuff is going to be slow.
You enter the shallow water.
Moving in this stuff is going to be slow.
You enter the shallow water.
Moving in this stuff is going to be slow.
You enter the shallow water.
Moving in this stuff is going to be slow.
You enter the shallow water.
Moving in this stuff is going to be slow.
A water moccasin comes into view.
Found a long sword and a short sword.
The water moccasin hisses angrily.
Unknown command.
Aiming: Paralyse
Press: ? - help, Shift-Dir - straight line, f - water moccasin
Aim: a water moccasin (chance to affect: 49%)
Okay, then.
Unknown command.
Press: ? - help, v - describe, . - travel
Here: a water moccasin The floor.
You closely miss the water moccasin.
The water moccasin bites you but does no damage.
You block the water moccasin's attack.
You closely miss the water moccasin. Your bite misses the water moccasin.
You block the water moccasin's attack.
You hit the water moccasin. Your bite misses the water moccasin.
The water moccasin is lightly wounded.
You block the water moccasin's attack. The water moccasin bites you.
You miss the water moccasin.
The water moccasin is lightly wounded.
The water moccasin bites you. You block the water moccasin's attack.
You miss the water moccasin.
The water moccasin is lightly wounded.
You block the water moccasin's attack.
You closely miss the water moccasin. Your bite misses the water moccasin.
You block the water moccasin's attack. x2
You miss the water moccasin.
The water moccasin bites you but does no damage.
You barely miss the water moccasin. Your bite misses the water moccasin.
The water moccasin bites you. You block the water moccasin's attack.
You closely miss the water moccasin.
You bite the water moccasin, but do no damage.
You block the water moccasin's attack. x2
You hit the water moccasin but do no damage.
The water moccasin bites you.
You hit the water moccasin. You bite the water moccasin. You drain its power.
You feel invigorated.
The water moccasin is moderately wounded.
The water moccasin bites you.
You are poisoned.
The water moccasin poisons you! The water moccasin bites you.
You hit the water moccasin.
The water moccasin is heavily wounded.
You feel very sick. The water moccasin bites you.
You are more poisoned.
The water moccasin poisons you!
You hit the water moccasin but do no damage.
The water moccasin is heavily wounded.
You feel very sick.
The water moccasin bites you but does no damage.
The water moccasin bites you.
* * * LOW HITPOINT WARNING * * *
Aiming: Paralyse
Press: ? - help, Shift-Dir - straight line, f - water moccasin
Aim: a water moccasin (heavily wounded, chance to affect: 49%)
The water moccasin suddenly stops moving!
* * * LOW HITPOINT WARNING * * *
You feel very sick.
The helpless water moccasin fails to defend itself.
You hit the water moccasin.
You bite the water moccasin, but do no damage.
The water moccasin is severely wounded.
* * * LOW HITPOINT WARNING * * *
You feel very sick.
The helpless water moccasin fails to defend itself.
You hit the water moccasin. You bite the water moccasin. You drain its power.
You feel invigorated.
The water moccasin is almost dead.
* * * LOW HITPOINT WARNING * * *
You feel very sick.
The helpless water moccasin fails to defend itself.
You puncture the water moccasin!
You kill the water moccasin!
You die...

Skill      XL: |  1  2  3  4 |
---------------+-------------+-----
Long Blades    | 1 2 3 |  3.2
Fighting       | 3 |  3.6
Short Blades   | |  1.8
Armour         | |  2.4
Shields        | |  2.7

Action                     |  1- 3 |  4- 6 || total
---------------------------+-------+-------++-------
  Melee: Rapier            |   133 |    89 ||   222
         Bite              |    30 |    23 ||    53
  Evoke: Wand              |       |     1 ||     1
   Stab: Paralysed         |       |     3 ||     3
 Armour: Scale mail        |    49 |    18 ||    67
  Dodge: Dodged            |    49 |    13 ||    62
  Block: Buckler           |    51 |    30 ||    81
         Reflection        |     2 |       ||     2

Levels and vault maps discovered:
D:1:      mainiacjoe_arrival_reflecting_pool, layout_loops_corners,
          dreamdust_mushroom_princess, minmay_tiny_reverse_x
D:2:      layout_basic, serial_shops, shop_statue, nicolae_ecumenical_pavilion
D:3:      layout_basic
D:4:      layout_cave_pools, grunt_temple_overflow_gold_and_silver,
          minmay_temple_entry_trees, gup_sewer_entry_bowl
Sewer:    sewer_the_moccasin

Notes
Turn   | Place    | Note
-------+----------+-------------------------------------------
     0 | D:1      | scionoferis the Vine Stalker Fighter began the quest for
                  | the Orb.
     0 | D:1      | Reached XP level 1. HP: 11/11 MP: 2/2
   321 | D:1      | Reached skill level 1 in Long Blades
   321 | D:1      | Reached XP level 2. HP: 16/16 MP: 3/3
   494 | D:1      | Reached skill level 3 in Fighting
   774 | D:1      | Reached XP level 3. HP: 20/20 MP: 4/4
   921 | D:2      | Found a faded altar of an unknown god.
  1164 | D:2      | Reached skill level 2 in Long Blades
  1454 | D:2      | Identified a scarf of resistance
  1514 | D:2      | Found Norehel's Jewellery Boutique.
  2239 | D:3      | Gained mutation: Your natural rate of healing is unusually
                  | fast. [Vine Stalker growth]
  2239 | D:3      | Reached XP level 4. HP: 21/24 MP: 3/5
  2426 | D:4      | Reached skill level 3 in Long Blades
  2526 | D:4      | Reached XP level 5. HP: 28/28 MP: 6/6
  2541 | D:4      | Found a glowing drain.
  2545 | Sewer    | Entered a sewer
  2573 | Sewer    | Noticed a water moccasin
  2595 | Sewer    | HP: 2/28 [poisoned by a water moccasin]
  2597 | Sewer    | Killed a water moccasin
  2597 | Sewer    | Succumbed to a water moccasin's poison

Vanquished Creatures
  A water moccasin (Sewer)
  3 gnolls (D:3)
  2 worms (D:4)
  2 dart slugs (D:1 D:4)
  6 orcs (D:3 D:4)
  8 bats (D:1 D:2 D:3)
  5 endoplasms (D:1 D:2 D:4)
  4 goblins (D:2 D:3 D:4)
  6 hobgoblins (D:1 D:2 D:4)
  8 jackals (D:1 D:2)
  3 kobolds (D:1 D:3)
  5 quokkas (D:3 D:4)
  7 ball pythons (D:1 D:2 D:3 D:4)
  6 frilled lizards (D:1 D:2 D:3)
  6 rats (D:1 D:2 D:3)
72 creatures vanquished.

Table legend: (Time is in decaauts)
 A = Elapsed time spent in this place.
 B = Non-inter-level travel time spent in this place.
 C = Inter-level travel time spent in this place.
 D = Time resting spent in this place.
 E = Time spent auto-exploring this place.
 F = Levels seen in this place.
 G = Mean time per level.
                   A        B        C        D        E       F      G
               +--------+--------+--------+--------+--------+-----+--------+
         Total |   2630 |   2448 |    182 |      0 |   1896 |   5 |  526.0 |
       Dungeon |   2574 |   2392 |    182 |      0 |   1866 |   4 |  643.5 |
         Sewer |     56 |     56 |      0 |      0 |     30 |   1 |   56.0 |
               +--------+--------+--------+--------+--------+-----+--------+

Top non-repeatable levels by time:
     D:1: 928 daAuts
     D:2: 764 daAuts
     D:3: 688 daAuts
     D:4: 192 daAuts
   Sewer: 56 daAuts

Table legend:
 A = Non-vault XP
 B = Vault XP
 C = Vault XP percentage of total XP
 D = Non-vault monster count
 E = Vault monster count
 F = Vault count percentage of total count
                 A         B        C        D         E       F
            +---------+---------+-------+---------+---------+-------
      Total |     157 |     167 |  51.5 |      65 |       7 |   9.7
            +---------+---------+-------+---------+---------+-------
        D:1 |      32 |       2 |   5.9 |      17 |       2 |  10.5
        D:2 |      27 |       0 |   0.0 |      17 |       0 |   0.0
        D:3 |      62 |       0 |   0.0 |      16 |       0 |   0.0
        D:4 |      36 |      14 |  28.0 |      15 |       4 |  21.1
      Sewer |       0 |     151 | 100.0 |       0 |       1 | 100.0
            +---------+---------+-------+---------+---------+-------
